 Dungeon Crawl Stone Soup version 0.27.0-1-g7a089689b8 (webtiles) character file.

Game seed: 10048364828470961833

643 ZombieSheep the Skirmisher (level 7, -2/60 HPs)
             Began as a Gnoll Wanderer on Aug 5, 2021.
             Slain by Duvessa (10 damage)
             ... on level 5 of the Dungeon.
             The game lasted 00:09:06 (4700 turns).

ZombieSheep the Skirmisher (Gnoll Wanderer)         Turns: 4700, Time: 00:09:06

Health: -2/60      AC: 13    Str: 15    XL:     7   Next: 51%
Magic:  10/10      EV: 10    Int: 10    God:
Gold:   151        SH:  0    Dex: 11    Spells: 11/11 levels left

rFire    . . .     SeeInvis .   b - +2 short sword (venom)
rCold    . . .     Faith    .   (no shield)
rNeg     . . .     Spirit   .   e - +2 scale mail
rPois    .         Reflect  .   (no helmet)
rElec    .         Harm     .   (no cloak)
rCorr    .         Rampage  .   k - +0 pair of gloves
Will     .....                  m - +2 pair of boots
Stlth    +.........             (no amulet)
HPRegen  0.20/turn              (no ring)
MPRegen  0.12/turn              (no ring)

@: lit by a corona, glowing
A: fangs 1, strong nose, distributed training
a: no special abilities


You were on level 5 of the Dungeon.
You visited 2 branches of the dungeon, and saw 6 of its levels.

You collected 151 gold pieces.

Inventory:

Hand Weapons
 a - a +0 hand crossbow of flaming
 b - a +2 short sword of venom (weapon)
Missiles
 c - 71 bolts
Armour
 e - a +2 scale mail (worn)
 k - a +0 pair of gloves (worn)
 m - a +2 pair of boots (worn)
Scrolls
 g - 2 scrolls of amnesia
 h - a scroll of immolation
 j - a scroll of teleportation
 l - a scroll of fog
Potions
 d - 3 potions of curing
 f - a potion of cancellation {unknown}
 i - a potion of haste {unknown}


   Skills:
 + Level 7.0 Fighting
 + Level 3.6 Short Blades
 + Level 2.5 Long Blades
 + Level 2.5 Axes
 + Level 2.5 Maces & Flails
 + Level 2.5 Polearms
 + Level 2.5 Staves
 + Level 2.5 Slings
 + Level 2.5 Bows
 + Level 3.6 Crossbows
 + Level 3.6 Throwing
 + Level 5.2 Armour
 + Level 3.6 Dodging
 + Level 2.5 Stealth
 + Level 3.6 Shields
 + Level 2.5 Unarmed Combat
 + Level 2.5 Spellcasting
 + Level 2.0 Conjurations
 + Level 2.0 Hexes
 + Level 2.0 Summonings
 + Level 2.0 Necromancy
 + Level 2.0 Translocations
 + Level 2.0 Transmutations
 + Level 2.0 Fire Magic
 + Level 2.0 Ice Magic
 + Level 2.0 Air Magic
 + Level 2.0 Earth Magic
 + Level 2.0 Poison Magic
 + Level 2.8 Invocations
 + Level 2.5 Evocations


You had 11 spell levels left.
You didn't know any spells.
Your spell library was empty.

Dungeon Overview and Level Annotations

Branches:
Dungeon (5/15)             Temple (1/1) D:5

Altars:
Ashenzari
Dithmenos
Elyvilon
Kikubaaqudgha
Makhleb
Nemelex Xobeh
Okawaru
Ru
Trog
Vehumet
Xom
Yredelemnul
Zin

Annotations:
D:4 1 runed translucent door
D:5 Duvessa


Innate Abilities, Weirdness & Mutations

You have very sharp teeth.
Your uncanny sense of smell can sniff out nearby items.
Your experience applies equally to all skills.


Message History

Duvessa goes berserk!
You see here 13 gold pieces.
You now have 151 gold pieces (gained 13).
The bullfrog skeleton hits you.
Duvessa rages.
Duvessa hits you but does no damage.
Duvessa rages.
Duvessa hits you with a +0 short sword.
You hear an angry hiss.
There is a staircase to the Ecumenical Temple here.
Duvessa hits you with a +0 short sword!
You hear an angry hiss.
Duvessa hits you with a +0 short sword.
An adder comes into view.
The adder moves out of view.
You closely miss Duvessa. Duvessa barely misses you.
You hit Duvessa.
Duvessa is poisoned.
Duvessa is lightly wounded.
Duvessa misses you.
You hit Duvessa but do no damage.
Duvessa looks as sick as possible!
Duvessa is lightly wounded.
Duvessa hits you with a +0 short sword.
You hit Duvessa but do no damage.
Duvessa looks as sick as possible!
Duvessa is lightly wounded.
Duvessa hits you but does no damage. Duvessa hits you with a +0 short sword.
You hit Duvessa but do no damage.
Duvessa looks as sick as possible!
Duvessa is lightly wounded.
Duvessa hits you with a +0 short sword!
You barely miss Duvessa.
Duvessa is lightly wounded.
Duvessa hits you but does no damage.
You barely miss Duvessa.
Duvessa is lightly wounded.
Duvessa hits you with a +0 short sword!
* * * LOW HITPOINT WARNING * * *
Duvessa hits you but does no damage.
You barely miss Duvessa.
Duvessa is lightly wounded.
Duvessa hits you with a +0 short sword!
You die...

..#################
#......).#.........
#...##.#.#....b####
## #......>.Se@.#
#.###.....##.# ^..#
#.....##.## ∆ #.###
###..(..... #.
#<####### # #.# #!#
#.# #.#


You could see Duvessa (berserk, extremely poisoned) and an adder.

Vanquished Creatures
  A black bear (D:4)
  A bullfrog (D:4)
  Dowan (D:5)
  3 orc priests
  A centaur skeleton (D:4)
  3 iguanas (D:4)
  2 orc wizards
  A hound skeleton (D:4)
  3 adders
  4 gnolls (D:3)
  2 dart slugs
  13 orcs
  3 endoplasms (D:1)
  5 giant cockroaches
  7 goblins
  5 hobgoblins
  5 jackals
  4 kobolds
  5 quokkas
  8 ball pythons
  5 bats
  A frilled lizard (D:2)
  A kobold skeleton (D:4)
  3 rats
  A butterfly (D:5)
88 creatures vanquished.

Vanquished Creatures (others)
  An orc wizard (D:4)
1 creature vanquished.

Grand Total: 89 creatures vanquished

Notes
Turn   | Place    | Note
-------+----------+-------------------------------------------
     0 | D:1      | ZombieSheep the Gnoll Wanderer began the quest for the Orb.
     0 | D:1      | ZombieSheep set off with the following items: a +0 hand
                  | crossbow, a +2 scale mail, 23 bolts, a potion of curing
     0 | D:1      | Reached XP level 1. HP: 23/23 MP: 1/1
   344 | D:1      | Reached XP level 2. HP: 29/29 MP: 2/2
  1183 | D:1      | Reached XP level 3. HP: 33/35 MP: 3/3
  1400 | D:2      | Reached skill level 1 in Invocations
  1484 | D:2      | Found a basalt altar of Yredelemnul.
  1881 | D:2      | Found a faded altar of an unknown god.
  2040 | D:3      | Reached skill level 1 in Long Blades
  2040 | D:3      | Reached skill level 1 in Axes
  2040 | D:3      | Reached skill level 1 in Maces & Flails
  2040 | D:3      | Reached skill level 1 in Polearms
  2040 | D:3      | Reached skill level 1 in Staves
  2040 | D:3      | Reached skill level 1 in Slings
  2040 | D:3      | Reached skill level 1 in Bows
  2040 | D:3      | Reached skill level 1 in Stealth
  2040 | D:3      | Reached skill level 1 in Unarmed Combat
  2040 | D:3      | Reached skill level 1 in Spellcasting
  2040 | D:3      | Reached skill level 1 in Evocations
  2201 | D:3      | Reached XP level 4. HP: 41/41 MP: 5/5
  2238 | D:3      | Reached skill level 1 in Conjurations
  2238 | D:3      | Reached skill level 1 in Hexes
  2238 | D:3      | Reached skill level 1 in Summonings
  2238 | D:3      | Reached skill level 1 in Necromancy
  2238 | D:3      | Reached skill level 1 in Translocations
  2238 | D:3      | Reached skill level 1 in Transmutations
  2238 | D:3      | Reached skill level 1 in Fire Magic
  2238 | D:3      | Reached skill level 1 in Ice Magic
  2238 | D:3      | Reached skill level 1 in Air Magic
  2238 | D:3      | Reached skill level 1 in Earth Magic
  2238 | D:3      | Reached skill level 1 in Poison Magic
  2244 | D:3      | Reached XP level 5. HP: 17/47 MP: 6/6
  2849 | D:3      | You fall into a shaft and drop 1 floor!
  2980 | D:4      | Reached XP level 6. HP: 40/53 MP: 8/8
  3095 | D:4      | Noticed a black bear
  3102 | D:4      | Killed a black bear
  3103 | D:4      | Reached skill level 5 in Armour
  3171 | D:4      | Found a burning altar of Makhleb.
  3647 | D:4      | Reached XP level 7. HP: 38/59 MP: 10/10
  3890 | D:4      | Reached skill level 7 in Fighting
  4250 | D:3      | Found a radiant altar of Vehumet.
  4555 | D:4      | Found a runed translucent door.
  4555 | D:4      | Noticed a human
  4557 | D:4      | Found a basalt altar of Yredelemnul.
  4586 | D:5      | Entered Level 5 of the Dungeon
  4586 | D:5      | Found a staircase to the Ecumenical Temple.
  4593 | Temple   | Entered the Ecumenical Temple
  4671 | D:5      | Noticed Dowan
  4679 | D:5      | Noticed Duvessa
  4681 | D:5      | Killed Dowan
  4700 | D:5      | Slain by Duvessa

Illustrated notes

Levels and vault maps discovered:
D:1:      evilmike_arrival_plus, layout_basic
D:2:      layout_basic, basic_altar, dilly_ecumenical_altar_fadedgnrine
D:3:      layout_loops_cross, marbit_many_paths
D:4:      layout_basic, bloody_makhleb, dk_yredelemnul_ordeal,
          minmay_misc_feat_roman
D:5:      layout_loops_ring, minmay_temple_entry_butterflies, uniq_duvessa,
          uniq_grinder
Temple:   zaba_magenta_temple

Skill      XL: |  1  2  3  4  5  6  7 |
---------------+----------------------+-----
Invocations    | 1 2 |  2.8
Long Blades    | 1 2 |  2.5
Axes           | 1 2 |  2.5
Maces & Flails | 1 2 |  2.5
Polearms       | 1 2 |  2.5
Staves         | 1 2 |  2.5
Slings         | 1 2 |  2.5
Bows           | 1 2 |  2.5
Stealth        | 1 2 |  2.5
Unarmed Combat | 1 2 |  2.5
Spellcasting   | 1 2 |  2.5
Evocations     | 1 2 |  2.5
Conjurations   | 1 2 |  2.0
Hexes          | 1 2 |  2.0
Summonings     | 1 2 |  2.0
Necromancy     | 1 2 |  2.0
Translocations | 1 2 |  2.0
Transmutations | 1 2 |  2.0
Fire Magic     | 1 2 |  2.0
Ice Magic      | 1 2 |  2.0
Air Magic      | 1 2 |  2.0
Earth Magic    | 1 2 |  2.0
Poison Magic   | 1 2 |  2.0
Short Blades   | 3 |  3.6
Crossbows      | 3 |  3.6
Throwing       | 3 |  3.6
Dodging        | 3 |  3.6
Shields        | 3 |  3.6
Armour         | 5 |  5.2
Fighting       | 7 |  7.0

Action                   |  1- 3 |  4- 6 |  7- 9 || total
-------------------------+-------+-------+-------++-------
Melee: Club              |    19 |       |       ||    19
       Bite              |     8 |    13 |     6 ||    27
       Spear             |    34 |       |       ||    34
       Short sword       |    50 |   122 |    64 ||   236
       Punch             |       |     1 |       ||     1
 Fire: Hand crossbow     |    20 |    34 |     4 ||    58
  Use: Scroll            |     8 |       |       ||     8
Armor: Scale mail        |    55 |    66 |    36 ||   157
Dodge: Dodged            |    53 |    62 |    35 ||   150
